 Dungeon Crawl Stone Soup version 0.31-a0-236-g9a0961fb85 (webtiles) character file.

Game seed: 16638107938087179527

44 qw the Shooter (level 3, 0/29 HPs)
             Began as a Minotaur Hexslinger on July 10, 2023.
             Slain by a cerulean imp
             ... wielding a +1 spear
             ... summoned by Natasha
              (3 damage)
             ... on level 2 of the Dungeon.
             The game lasted 00:00:30 (832 turns).

qw the Shooter (Minotaur Hexslinger)                 Turns: 832, Time: 00:00:30

Health: 0/29       AC:  5    Str: 12    XL:     3   Next: 39%
Magic:  3/3        EV: 11    Int: 10    God:
Gold:   102        SH:  0    Dex: 14    Spells: 3/4 levels left

rFire   . . .        Y - +1 sling
rCold   . . .        (no shield)
rNeg    . . .        h - +0 ring mail
rPois   .            (helmet restricted)
rElec   .            (no cloak)
rCorr   .            (no gloves)
SInv    .            (no boots)
Will    .....        (no amulet)
Stlth   +            (no ring)
HPRegen 0.24/turn    (no ring)
MPRegen 0.08/turn

%: no passive effects
@: slowed, very slow
A: horns 2, retaliatory headbutt
a: no special abilities


You were on level 2 of the Dungeon.
You visited 1 branch of the dungeon, and saw 2 of its levels.

You collected 102 gold pieces.


Innate Abilities, Weirdness & Mutations

You have a pair of horns on your head.
You reflexively headbutt those who attack you in melee.


   Skills:
 - Level 2.0 Fighting
 - Level 4.0 Ranged Weapons
 + Level 0.0 Armour
 - Level 2.1 Dodging
 - Level 1.0 Spellcasting
 - Level 2.0 Hexes


You had 3 spell levels left.
You knew the following spells:

 Your Spells              Type           Power      Damage    Failure   Level
a - Slow                  Hex            16%        N/A       34%         1

Your spell library contained the following spells:

 Spells                   Type           Power      Damage    Failure   Level
 Inner Flame              Hex/Fire       2%         N/A       83%         3
 Portal Projectile        Hex/Tloc       4%         N/A       83%         3
 Cause Fear               Hex            2%         N/A       98%         4

Inventory:

Hand Weapons
 Y - a +1 sling (weapon)
Armour
 a - a +0 pair of boots
 h - a +0 ring mail (worn)
Potions
 d - a potion of enlightenment
 g - a potion of brilliance {unknown}
 i - a potion of haste {unknown}

Dungeon Overview and Level Annotations

Branches:
Dungeon (2/15)

Altars:

Annotations:
D:2 Natasha


Message History

You shoot a sling bullet. The sling bullet barely misses Natasha.
You shoot a sling bullet. The sling bullet barely misses Natasha.
You shoot a sling bullet.
The sling bullet closely misses Natasha.
Natasha mumbles some strange words.
827 ||| Stepping ~*~*~tactically~*~*~ (outnumbered).
Enter note:
Enter note: You shoot a sling bullet.
The sling bullet closely misses the cerulean imp.
Natasha stares at you and mumbles some strange words.
You feel yourself slow down.
You shoot a sling bullet.
The sling bullet misses the cerulean imp.
The cerulean imp closely misses you.
The cerulean imp hits you from afar with a +2 spear.
You shoot a sling bullet.
The sling bullet closely misses the cerulean imp.
The cerulean imp hits you from afar with a +1 spear.
The cerulean imp closely misses you.
Natasha casts a spell.
The cerulean imp hits you but does no damage.
The cerulean imp barely misses you.
You shoot a sling bullet.
The sling bullet barely misses the cerulean imp.
The cerulean imp hits you from afar with a +1 spear.
The cerulean imp hits you from afar with a +2 spear.
Natasha wildly gestures.
You feel troubled. Natasha claws you.
The cerulean imp hits you from afar with a +1 spear.
The cerulean imp barely misses you. x2
You shoot a sling bullet. The sling bullet hits Natasha.
Natasha is moderately wounded.
Natasha claws you. The cerulean imp closely misses you.
The cerulean imp barely misses you.
The cerulean imp hits you from afar with a +2 spear.
Natasha claws you.
The cerulean imp hits you from afar with a +1 spear.
You die...

..........#
......#
..........#
......#
#.......#..
5....<# .........
......#.
#####.##.
........ #..#
##......# #.##
#5.55.... ##.##
##h#..# #...#
###..@.# #...#
####...##.#
#...###.....## .#
#.......#...# .#
#....####.##...##
###.#..# ...#
.###
#...#..##.### .#
..#.#..#.. .#
##..#.... .#


You could see Natasha and 3 cerulean imps.

Vanquished Creatures
  2 dart slugs (D:1)
  5 ball pythons
  5 bats
  5 endoplasms
  3 hobgoblins
  5 kobolds
  4 frilled lizards
  3 goblins
  6 rats
38 creatures vanquished.

Notes
Turn   | Place    | Note
-------+----------+-------------------------------------------
     0 | D:1      | qw the Minotaur Hexslinger began the quest for the Orb.
     0 | D:1      | Reached XP level 1. HP: 16/16 MP: 1/1
     0 | D:1      | 0 ||| qw: Version: 0.3-a-52-g30416fa
     0 | D:1      | 0 ||| qw: Game counter: 4547
     0 | D:1      | 0 ||| qw: Melee chars always use a shield: true
     0 | D:1      | 0 ||| qw: God list: Okawaru
     0 | D:1      | 0 ||| qw: Allow faded altars: false
     0 | D:1      | 0 ||| qw: Do Orc after clearing Dungeon:15 true
     0 | D:1      | 0 ||| qw: Do second Lair branch before Depths: true
     0 | D:1      | 0 ||| qw: Lair rune preference: random
     0 | D:1      | 0 ||| qw: Goals: Normal
     0 | D:1      | 0 ||| PLANNING D:1-11
    98 | D:1      | Reached skill level 3 in Ranged Weapons
   116 | D:1      | Reached XP level 2. HP: 23/23 MP: 2/2
   228 | D:1      | 228 ||| FLEEEEING.
   229 | D:1      | 229 ||| FLEEEEING.
   230 | D:1      | 230 ||| FLEEEEING.
   234 | D:1      | 234 ||| FLEEEEING.
   235 | D:1      | 235 ||| FLEEEEING.
   236 | D:1      | 236 ||| FLEEEEING.
   251 | D:1      | 251 ||| FLEEEEING.
   395 | D:1      | Reached XP level 3. HP: 24/29 MP: 3/3
   396 | D:1      | 396 ||| FLEEEEING.
   537 | D:1      | Found a faded altar of an unknown god.
   648 | D:1      | 648 ||| UPGRADING to +0 ring mail.
   658 | D:1      | 658 ||| DROPPING +0 robe.
   659 | D:1      | 659 ||| DROPPING ring of flight.
   660 | D:1      | 660 ||| READING scroll labelled UJEOPRANNI.
   661 | D:1      | 661 ||| DRINKING 2 cyan potions.
   662 | D:1      | 662 ||| DROPPING scroll of poison.
   800 | D:2      | Reached skill level 4 in Ranged Weapons
   823 | D:2      | Noticed Natasha
   827 | D:2      | 827 ||| Stepping ~*~*~tactically~*~*~ (outnumbered).
   832 | D:2      | HP: 3/29 [Natasha (5)]
   832 | D:2      | Slain by a cerulean imp

Levels and vault maps discovered:
D:1:      ncdulo_smallfort, layout_rooms, shapermc_ecumenical_altar_mp_vishouse,
          minmay_pentomino_s4
D:2:      layout_rooms, basic_altar, minmay_misc_feat_rows, uniq_natasha

Skill      XL: |  1  2  3 |
---------------+----------+-----
Ranged Weapons | 3 4 |  4.0
Fighting       | 2 |  2.0
Dodging        | |  2.1
Spellcasting   | |  1.0
Hexes          | |  2.0

Action                     || total
---------------------------++-------
   Fire: Sling             ||   100
    Use: Scroll            ||     1
         Potion            ||     1
 Armour: Robe              ||     3
         Ring mail         ||     4
  Dodge: Dodged            ||    46

Table legend:
 A = Non-vault XP
 B = Vault XP
 C = Vault XP percentage of total XP
 D = Non-vault monster count
 E = Vault monster count
 F = Vault count percentage of total count
                 A         B        C        D         E       F
            +---------+---------+-------+---------+---------+-------
      Total |      60 |       3 |   4.8 |      36 |       2 |   5.3
            +---------+---------+-------+---------+---------+-------
        D:1 |      45 |       3 |   6.2 |      26 |       2 |   7.1
        D:2 |      15 |       0 |   0.0 |      10 |       0 |   0.0
            +---------+---------+-------+---------+---------+-------
